Map: Newkirk Precinct TE (Void)

Players

Snute

  • Race: Zerg Zerg
  • Spawn Location: 5:00

HeRoMaRinE - Winner!

  • Race: Terran Terran
  • Spawn Location: 7:00

Event: IEM XI Katowice - World Championship 2017

VOD

Have the link to the VOD?

Description

Time

  • Played on: March 2, 2017, 7 a.m.
  • Length: 21:00

All games in this series

Show
View Real Time Build Order
Export as new Build Order

Snute Zerg 

Build Orders: Hatch First 

Get SALT Encoding   

  12  0:00  Drone  
  13  0:13  Overlord  
  13  0:17  Drone  
  14  0:31  Drone x2  
  14  0:35  Drone  
  17  0:53  Hatchery  
  17  0:56  Drone  
  17  0:59  Drone  
  17  1:02  Extractor  
  17  1:16  Spawning Pool  
  17  1:18  Drone  
  17  1:21  Drone  
  18  1:28  Drone  
  19  1:39  Overlord  
  19  1:50  Drone  
  20  2:02  Metabolic Boost, Queen  
  20  2:05  Queen  
  20  2:07  Zergling x2  
  25  2:10  Zergling x2  
  25  2:13  Zergling x2  
  27  2:17  Drone  
  28  2:23  Drone  
  28  2:27  Drone  
  30  2:38  Drone x2  
  32  2:45  Overlord  
  32  2:49  Drone  
  33  2:53  Queen  
  33  2:58  Hatchery  
  34  2:59  Drone  
  34  3:01  Drone  
  36  3:06  Drone  
  36  3:10  Drone  
  38  3:13  Drone x3  
  38  3:15  Overlord  
  38  3:18  Drone  
  42  3:21  Drone  
  42  3:22  Drone  
  44  3:29  Roach Warren  
  44  3:33  Drone  
  44  3:34  Drone  
  45  3:35  Drone  
  45  3:38  Extractor, Drone  
  45  3:45  Drone x4  
  45  3:47  Drone  
  45  3:48  Drone  
  51  3:51  Overlord  
  51  3:54  Overlord  
  51  4:08  Overlord  
  51  4:12  Roach x5  
  51  4:14  Roach  
  63  4:20  Roach  
  63  4:21  Overlord  
  63  4:22  Drone  
  66  4:25  Overlord  
  66  4:28  Drone x2  
  66  4:29  Drone  
  66  4:31  Drone  
  70  4:38  Drone  
  70  4:40  Drone  
  70  4:43  Zergling x4  
  70  4:44  Drone x2  
  75  4:47  Drone x2  
  75  4:48  Drone x4  
  81  4:57  Evolution Chamber, Drone x2  
  81  4:59  Overlord  
  82  5:00  Evolution Chamber  
  82  5:04  Drone  
  82  5:05  Ravager  
  83  5:07  Drone  
  83  5:10  Drone  
  83  5:11  Extractor  
  83  5:12  Extractor  
  83  5:15  Spore Crawler, Extractor x2  
  83  5:17  Spore Crawler  
  79  5:23  Drone x10  
  79  5:25  Ravager  
  83  5:33  Drone x2  
  83  5:35  Drone x3  
  86  5:41  Drone  
  86  5:42  Zerg Missile Weapons Level 1, Zerg Ground Armor Level 1  
  80  5:43  Lair  
  80  5:44  Drone x2  
  82  5:52  Queen x2  
  82  5:54  Drone x2  
  88  5:59  Hatchery  
  88  6:02  Zergling x6  
  83  6:09  Drone  
  84  6:17  Roach x4  
  92  6:22  Roach x3  
  92  6:24  Overlord  
  98  6:27  Queen  
  98  6:35  Overlord x3  
  98  6:41  Overlord x3  
  98  6:44  Spore Crawler, Queen  
  98  6:45  Drone  
  98  6:46  Drone x2  
  98  6:48  Drone  
  98  6:51  Infestation Pit  
  98  6:52  Drone x2  
  98  6:53  Drone  
  98  6:54  Drone  
  100  6:55  Drone  
  100  7:00  Glial Reconstitution  
  101  7:04  Ravager  
  102  7:11  Roach x6  
  102  7:12  Roach  
  102  7:14  Roach  
  118  7:21  Roach  
  118  7:22  Roach x2  
  124  7:25  Ravager x2  
  124  7:27  Infestor  
  124  7:28  Infestor x2  
  131  7:31  Roach x4  
  131  7:36  Roach x4  
  143  7:48  Drone x2  
  143  7:49  Zerg Ground Armor Level 2, Drone x2  
  143  7:51  Extractor  
  146  7:53  Queen  
  146  7:54  Queen  
  150  8:01  Overlord x3  
  149  8:05  Burrow  
  149  8:07  Overlord x3  
  149  8:21  Zerg Missile Weapons Level 2  
  149  8:23  Ravager  
  149  8:26  Overlord x2  
  150  8:27  Roach  
  150  8:28  Roach x4  
  150  8:29  Ravager x2  
  162  8:40  Ravager x2  
  164  8:41  Roach  
  164  8:42  Zergling x2, Roach x2  
  164  8:43  Zergling x24  
  183  8:58  Roach  
  183  8:59  Zergling x2, Roach x2  
  183  9:00  Zergling x14  
  197  9:04  Ravager x2  
  199  9:11  Hive  
  199  9:15  Spire  
  192  9:33  Pneumatized Carapace  
  192  9:35  Spore Crawler  
  191  9:50  Spore Crawler  
  190  9:53  Roach  
  190  9:54  Roach x4  
  165  10:15  Roach x4  
  165  10:16  Roach x3  
  165  10:17  Roach x7  
  165  10:18  Zerg Melee Weapons Level 1  
  165  10:21  Drone x5  
  182  10:23  Infestor x2  
  187  10:32  Greater Spire  
  187  10:46  Zerg Ground Armor Level 3  
  187  10:51  Spore Crawler  
  187  10:54  Zergling x26  
  170  11:22  Roach x2  
  170  11:23  Roach x17  
  186  11:26  Roach  
  186  11:27  Roach x4  
  188  11:39  Corruptor x3, Ravager x5  
  155  12:02  Corruptor x2  
  155  12:03  Corruptor x2  
  155  12:06  Drone x2  
  155  12:08  Extractor  
  162  12:13  Queen x3  
  168  12:21  Hatchery  
  171  12:23  Brood Lord x3  
  171  12:29  Roach x4  
  181  12:39  Spore Crawler x2  
  181  12:41  Spore Crawler  
  181  12:42  Spore Crawler, Ravager  
  181  12:43  Ravager  
  179  12:45  Brood Lord x2  
  179  12:51  Brood Lord  
  185  12:55  Brood Lord, Roach  
  185  12:57  Roach  
  191  13:03  Drone x4  
  191  13:04  Spore Crawler  
  191  13:05  Spore Crawler  
  193  13:08  Roach x3  
  199  13:23  Spore Crawler x3  
  199  13:24  Overseer x3  
  196  13:42  Zerg Melee Weapons Level 2  
  196  13:43  Adrenal Glands  
  196  13:45  Ultralisk Cavern  
  195  13:53  Corruptor x3  
  157  14:18  Roach x8  
  112  14:33  Chitinous Plating  
  112  14:34  Ultralisk x3  
  112  14:38  Drone x5  
  135  14:49  Ultralisk x2  
  147  14:53  Queen x4  
  147  14:54  Queen  
  157  15:03  Ultralisk  
  163  15:09  Ultralisk  
  169  15:16  Ultralisk  
  175  15:29  Queen x2  
  175  15:30  Ultralisk  
  185  15:40  Overlord x2  
  169  16:02  Ultralisk x3  
  169  16:11  Ultralisk  
  175  16:15  Ultralisk  
  181  16:24  Roach  
  181  16:25  Roach x6  
  195  16:28  Ravager  
  196  16:49  Extractor  
  196  16:50  Extractor, Drone x5  
  196  16:51  Hatchery, Drone  
  199  16:59  Zerg Flyer Armor Level 1  
  199  17:00  Zerg Melee Weapons Level 3  
  199  17:01  Zerg Missile Weapons Level 3  
  193  17:35  Brood Lord  
  193  17:36  Brood Lord x2  
  197  17:37  Corruptor  
  199  17:48  Nydus Network  
  199  17:51  Infestor  
  198  18:04  Viper x2  
  190  18:22  Spore Crawler, Extractor  
  190  18:27  Extractor  
  159  18:37  Ultralisk x2  
  159  18:39  Zergling x34  
  159  18:40  Zergling x2  
  159  18:41  Zergling x18  
  178  18:45  Queen  
  178  18:46  Queen  
  192  18:50  Corruptor  
  192  18:51  Corruptor x2  
  173  19:21  Corruptor x4  
  175  19:27  Zergling x2  
  175  19:28  Zergling x20  
  184  19:57  Brood Lord x3  
  183  20:13  Brood Lord x2, Queen x2  
  177  20:37  Spore Crawler x3  
  177  20:38  Spore Crawler  
  177  20:41  Spore Crawler  
Show
View Real Time Build Order
Export as new Build Order

HeRoMaRinE Terran - Winner!

Build Orders: Hellion Opening, Reaper Expand, MMM Bio 

Get SALT Encoding   

  12  0:00  SCV  
  13  0:13  SCV  
  14  0:18  Supply Depot  
  14  0:25  SCV  
  15  0:29  Refinery  
  15  0:40  SCV  
  16  0:45  Barracks  
  16  0:52  SCV  
  17  1:04  SCV  
  18  1:16  SCV  
  19  1:33  Reaper, Orbital Command  
  20  1:44  Command Center  
  20  1:54  Factory  
  20  1:59  SCV  
  21  2:04  Refinery  
  21  2:08  Barracks Reactor  
  21  2:11  SCV  
  22  2:16  Supply Depot  
  22  2:23  SCV  
  23  2:37  SCV  
  23  2:39  Starport  
  23  2:48  Hellion  
  23  2:49  Hellion, SCV  
  28  2:53  Barracks Tech Lab  
  28  2:59  Orbital Command  
  28  3:02  SCV  
  33  3:13  Hellion x2  
  33  3:15  SCV  
  34  3:22  Corvid Reactor  
  34  3:30  Viking  
  36  3:34  SCV x2  
  36  3:38  Supply Depot  
  38  3:46  SCV x2  
  38  3:47  Hellion  
  42  3:50  Hellion  
  44  3:58  SCV x2  
  44  4:01  Supply Depot, Raven  
  48  4:10  SCV x2  
  50  4:19  Supply Depot  
  50  4:22  SCV  
  50  4:23  SCV  
  52  4:26  Command Center  
  52  4:35  SCV x2  
  55  4:38  Barracks Tech Lab  
  55  4:43  Raven, Refinery x2  
  56  4:47  SCV x2  
  56  4:49  Hellion x2  
  62  4:53  Supply Depot  
  62  4:59  SCV x2  
  64  5:06  Marine  
  65  5:07  Stimpack  
  65  5:10  Hellion x2  
  65  5:11  SCV  
  70  5:15  SCV  
  70  5:23  SCV  
  70  5:27  SCV  
  70  5:34  Engineering Bay  
  70  5:35  SCV  
  62  5:36  Engineering Bay  
  62  5:39  SCV  
  62  5:40  Marine  
  62  5:41  Raven  
  65  5:47  SCV  
  66  5:51  SCV  
  66  5:52  Barracks  
  66  5:53  Factory Tech Lab  
  66  5:54  Barracks  
  67  5:57  Marine  
  67  5:59  SCV  
  67  6:03  SCV  
  70  6:08  Barracks  
  70  6:09  Barracks  
  70  6:10  Orbital Command  
  68  6:11  SCV  
  68  6:12  Terran Infantry Armor Level 1  
  68  6:15  Terran Infantry Weapons Level 1, Marine  
  70  6:19  SCV  
  70  6:22  Siege Tank  
  74  6:30  SCV  
  74  6:31  SCV  
  76  6:33  Marine  
  76  6:37  Starport Reactor  
  77  6:43  SCV  
  77  6:44  Orbital Command  
  77  6:47  Marine x2, Barracks Reactor  
  77  6:50  Supply Depot  
  77  6:51  Supply Depot, Marine  
  79  6:56  Barracks Reactor  
  79  6:57  Supply Depot, Siege Tank  
  79  6:58  Barracks Reactor  
  79  6:59  Supply Depot, SCV x2  
  84  7:05  Marine x2  
  86  7:09  SCV  
  86  7:11  SCV x2  
  86  7:15  Marine, Combat Shields  
  90  7:20  Armory  
  90  7:21  SCV  
  91  7:23  Marine, SCV x2  
  91  7:24  Marine  
  91  7:25  Marine  
  91  7:27  Marine  
  97  7:31  Medivac  
  97  7:32  Medivac  
  97  7:34  SCV  
  97  7:35  Siege Tank, SCV x2  
  97  7:36  Marine  
  108  7:39  Marine  
  108  7:40  Marine  
  110  7:46  Marine x2, Supply Depot  
  110  7:47  Supply Depot, Marine x4  
  116  7:53  Supply Depot  
  116  7:54  Marine  
  116  7:57  Marine x2, SCV x2  
  116  7:58  SCV  
  122  8:04  Marine x2  
  122  8:05  Marine  
  125  8:07  Marine x2  
  125  8:11  Terran Infantry Weapons Level 2, Terran Infantry Armor Level 2  
  127  8:13  Marine, Barracks x2  
  127  8:14  Marine, Barracks  
  127  8:16  Supply Depot  
  129  8:23  Marine  
  129  8:24  Marine x2  
  129  8:25  Marine  
  129  8:26  Siege Tank  
  136  8:28  Medivac x2  
  136  8:33  Marine x3, Marauder  
  136  8:34  Marine  
  146  8:41  Marine x2  
  146  8:42  Refinery  
  148  8:52  Marine x2  
  148  8:53  Marine x4  
  148  8:54  Marauder  
  156  9:00  Supply Depot x2  
  156  9:02  Supply Depot, Barracks Tech Lab x3  
  156  9:03  Marine  
  156  9:05  Command Center  
  157  9:21  Marine x5  
  157  9:22  Marauder  
  163  9:32  Marauder  
  163  9:33  Marauder x2  
  163  9:35  Marine  
  163  9:36  Marine x2, Supply Depot  
  163  9:38  Supply Depot  
  172  9:39  Supply Depot  
  172  9:43  Marauder  
  174  9:50  Marine  
  174  9:51  Marine x2  
  177  9:54  Supply Depot, Marauder x2  
  177  9:56  Marauder  
  173  10:04  Marine x2, Marauder  
  141  10:07  Marine x3  
  141  10:08  Siege Tank  
  141  10:09  Medivac x2  
  141  10:11  Marine x3  
  146  10:15  Marauder x2  
  146  10:18  Marauder  
  152  10:22  Marine x2  
  152  10:25  Marine x4  
  158  10:29  Marine  
  158  10:31  Marine  
  160  10:37  Marauder x2  
  160  10:39  Terran Infantry Armor Level 3, Terran Infantry Weapons Level 3, Marauder  
  160  10:40  Concussive Shells  
  160  10:41  Marine x2, Siege Tank  
  160  10:42  Marine  
  171  10:44  Marauder  
  171  10:46  Marine x2  
  171  10:47  Marine  
  177  10:54  Marine x2, Missile Turret  
  179  10:58  Marauder x2  
  179  11:03  Planetary Fortress  
  183  11:05  Marine x2  
  183  11:07  Medivac x2  
  191  11:11  Marauder  
  191  11:12  Marauder  
  182  11:22  Marauder  
  160  11:27  Marauder  
  160  11:28  Marine x2  
  160  11:30  Marine x2  
  160  11:32  Siege Tank  
  171  11:33  Marine x3, Marauder  
  171  11:34  Marauder  
  171  11:35  Marine  
  177  11:43  Marauder  
  177  11:45  Marine  
  177  11:46  Marine  
  181  11:48  Marine x2, Medivac  
  181  11:49  Marauder  
  181  11:51  Marine x2, Starport  
  186  11:54  Marine, Marauder  
  186  11:55  Marine, Marauder  
  139  12:03  Marine x2  
  139  12:05  Marauder  
  139  12:06  Marine x2  
  136  12:08  Marine  
  136  12:09  Marine  
  136  12:10  Marauder, Siege Tank  
  136  12:12  Marine  
  136  12:13  Marine  
  136  12:15  Marauder, Terran Vehicle Weapons Level 1  
  147  12:16  Marauder  
  147  12:18  Factory  
  147  12:21  Marine x2, Refinery  
  151  12:23  Marine x2  
  151  12:26  Marine, Marauder  
  151  12:27  Marine  
  157  12:30  Marine  
  157  12:31  Marine, Marauder  
  163  12:37  Marauder  
  163  12:38  Starport Reactor  
  163  12:41  Marine, Command Center  
  164  12:47  Viking x2  
  164  12:49  Siege Tank  
  171  13:02  Siege Tank  
  174  13:06  Viking x2  
  174  13:07  Barracks Reactor  
  178  13:14  Refinery  
  178  13:17  Viking x2  
  181  13:35  Marine x2, Siege Tank, Marauder  
  181  13:36  Viking x2  
  193  13:47  Marine x2, Viking  
  199  13:52  Viking  
  192  14:07  Marine, Marauder  
  192  14:08  Marine  
  192  14:09  Marine  
  189  14:10  Marauder x2  
  189  14:11  Marine x2  
  189  14:13  Marine x2, Marauder  
  189  14:14  Marine  
  189  14:16  Siege Tank x2  
  151  14:25  Marine x2  
  151  14:27  Marine  
  151  14:28  Marauder  
  151  14:29  Marine x2  
  151  14:31  Marine x2, Marauder x2  
  157  14:32  Marine  
  157  14:34  Marauder  
  165  14:48  Siege Tank  
  165  14:50  Marine x3, Marauder  
  165  14:51  Marine x2  
  175  14:53  Marauder x2  
  175  14:54  Siege Tank  
  175  14:58  Planetary Fortress  
  182  15:03  Marauder  
  182  15:04  Marine x2  
  186  15:08  Marine x2  
  186  15:09  Marine x2  
  186  15:11  Marauder  
  186  15:13  Missile Turret  
  194  15:14  Marauder  
  194  15:17  Marine, Marauder  
  194  15:20  Siege Tank  
  199  15:39  Liberator  
  199  15:40  Liberator  
  199  15:41  Liberator  
  195  15:43  Command Center  
  197  15:51  Siege Tank  
  188  16:00  Marine, Marauder  
  188  16:02  Marauder  
  188  16:03  Marine  
  188  16:04  Marine x4  
  167  16:05  Liberator  
  167  16:09  Marine, Marauder x2  
  167  16:11  Marine  
  176  16:14  Ghost Academy  
  176  16:18  Marine  
  177  16:22  Liberator  
  180  16:26  Liberator  
  180  16:30  Marauder x3  
  180  16:31  Marauder  
  188  16:34  Refinery  
  188  16:35  Refinery  
  191  16:46  Liberator  
  194  16:52  Sensor Tower  
  194  16:54  Liberator  
  194  16:59  Command Center  
  197  17:14  Terran Ship Weapons Level 1  
  199  17:36  Planetary Fortress  
  196  17:52  Ghost x3  
  187  18:06  Ghost  
  187  18:07  Marine x3  
  187  18:09  Marine x2  
  187  18:12  Liberator  
  190  18:21  Ghost  
  190  18:22  Marauder  
  190  18:25  Marauder  
  193  18:27  Marine  
  193  18:30  Marine x2  
  184  18:35  Marine x2  
  184  18:36  Marauder  
  181  18:43  Marauder  
  181  18:47  Marauder  
  185  18:50  Marauder  
  185  18:53  Marine x2  
  185  18:54  Orbital Command  
  189  18:57  Marauder, Viking  
  189  19:01  Marine x2  
  191  19:03  Ghost  
  191  19:08  Marauder  
  193  19:16  Marine x2, Marauder  
  183  19:17  Viking  
  183  19:18  Marauder  
  183  19:20  Marine  
  183  19:21  Marine  
  183  19:22  Marine x2  
  183  19:23  Viking x2  
  193  19:26  Marine x2  
  193  19:29  Marauder  
  197  19:33  Marauder  
  197  19:37  Refinery  
  199  19:44  Command Center  
  199  19:45  Missile Turret  
  184  20:07  SCV  
  184  20:13  Ghost  
  184  20:14  Ghost  
  185  20:16  Viking  
  185  20:17  Viking  
  185  20:18  Viking  
  185  20:19  Viking  
  195  20:24  Orbital Command  

Tags
 
Add a new tag
Caveats
  • Supply blocks, unpowered buildings, or Contaminate may cause inaccurate times.
  • Supply counts are checked every 10 seconds.